 Dungeon Crawl Stone Soup version 0.28.0-53-g5a82cb258f (webtiles) character file.

Game seed: 17519079095867088050

3642 Stomo the Skirmisher (level 9, -3/73 HPs)
             Began as a Demonspawn Fighter on July 2, 2022.
             Was a Believer of Okawaru.
             Slain by a vampire
             ... wielding a +0 glaive
              (21 damage)
             ... in a bailey.
             The game lasted 00:15:50 (9613 turns).

Stomo the Skirmisher (Demonspawn Fighter)           Turns: 9613, Time: 00:15:50

Health: -3/73      AC: 11    Str: 21    XL:     9   Next: 88%
Magic:  22/22      EV: 14    Int:  9    God:    Okawaru [**....]
Gold:   409        SH:  4    Dex: 19    Spells: 8/8 levels left

rFire   . . .      SeeInvis .   x - +5 dire flail (vorpal)
rCold   . . .      Faith    .   (shield currently unavailable)
rNeg    . . .      Spirit   .   B - +0 swamp dragon scales
rPois   +          Reflect  .   n - +1 helmet
rElec   .          Harm     .   (no cloak)
rCorr   .          Rampage  .   (no gloves)
Will    +....                   (no boots)
Stlth   +.........              (no amulet)
HPRegen 0.22/turn               A - ring of willpower
MPRegen 0.18/turn               k - ring "Zaanotif" {MP+9 Dex+6}

@: studying Armour
A: large bone plates 1, demonic magic 2, demonic touch 1
a: Renounce Religion, Heroism


You were in a bailey.
You worshipped Okawaru.
Okawaru was pleased with you.
You visited 1 branch of the dungeon, and saw 7 of its levels.
You also visited: Bailey.

You collected 409 gold pieces.

Inventory:

Hand Weapons
 a - a +0 flail of freezing
 i - a +0 whip
 x - a +5 vorpal dire flail (weapon)
Missiles
 f - 2 throwing nets (quivered)
Armour
 b - a +0 scale mail
 c - a +0 buckler
 m - a +0 plate armour
 n - a +1 helmet (worn)
 r - a scarf of invisibility
 B - +0 swamp dragon scales (worn)
 G - an orb of guile
Jewellery
 k - the ring "Zaanotif" (right hand) {MP+9 Dex+6}
   (You acquired it on level 4 of the Dungeon)

   [ring of dexterity]

   Dex:       It affects your dexterity (+6).
   MP:        It affects your magic capacity (+9).
 o - a ring of resist corrosion
 y - an amulet of faith
 z - a ring of protection from cold
 A - a ring of willpower (left hand)
 E - a ring of fire
Scrolls
 e - 4 scrolls of identify
 g - 6 scrolls of teleportation
 t - a scroll of holy word
 D - a scroll of amnesia
Potions
 d - a potion of might
 h - 2 potions of heal wounds
 j - a potion of attraction {unknown}
 l - 2 potions of ambrosia {unknown}
 p - 2 potions of flight {unknown}
 q - a potion of haste {unknown}
 s - 3 potions of curing {unknown}
 u - a potion of lignification {unknown}
 v - a potion of magic {unknown}
 w - a potion of resistance {unknown}
 F - a potion of brilliance {unknown}
 H - a potion of cancellation {unknown}


   Skills:
 + Level 7.6 Fighting
 + Level 6.7 Maces & Flails
 + Level 7.3 Armour
 + Level 5.0 Dodging
 - Level 2.6 Shields
 * Level 5.8 Invocations


You had 8 spell levels left.
You didn't know any spells.
Your spell library contained the following spells:

 Spells                   Type           Power      Damage    Failure   Level
 Pain                     Necr           0%         1d4       52%         1
 Sublimation of Blood     Necr           0%         N/A       67%         2
 Vampiric Draining        Necr           0%         2d6       88%         3
 Petrify                  Tmut/Erth      0%         N/A       99%         4
 Irradiate                Conj/Tmut      0%         3d13      100%        5
 Orb of Destruction       Conj           0%         9d5       100%        7
 Animate Skeleton         Necr           Unusable   N/A       N/A         1
 Summon Guardian Golem    Hex/Summ       Unusable   N/A       N/A         3
 Spellforged Servitor     Conj/Summ      Unusable   N/A       N/A         7

Dungeon Overview and Level Annotations

Branches:
Dungeon (7/15)             Bailey (1/1)
 Temple: D:4-7

Altars:
Okawaru
Xom

Annotations:
D:4 1 runed translucent door, Crazy Yiuf
D:7 2 transporters, Sanktem7's ghost, novice MiFi


Innate Abilities, Weirdness & Mutations

You are partially covered in large bone plates. (SH +4)
Spells you cast may paralyse nearby enemies.
Your touch may inflict minor irresistible damage on your foes.


Message History

Deactivating autopickup; reactivate with Ctrl-A.
You hit something but do no damage. Something hits you!!
Something bites you but does no damage.
You miss something. Something hits you!
* * * LOW HITPOINT WARNING * * *
Something bites you but does no damage. Something completely misses you.
Something hits you but does no damage.
You see here a +0 spear.
You see here a +0 trident.
Okay, then.
As you read the scroll of teleportation, it crumbles to dust.
You feel strangely unstable. Something hits you.
* * * LOW HITPOINT WARNING * * *
Your surroundings suddenly seem different.
A vampire appears from thin air!
Reactivating autopickup.
The vampire hits you from afar with a +0 glaive.
* * * LOW HITPOINT WARNING * * *
You start resting.
A vampire is nearby!
The vampire barely misses you.
You start resting.
A vampire is nearby!
A vampire is nearby!
You start resting.
A vampire is nearby!
A vampire is nearby!
You start resting.
A vampire is nearby!
Press: ? - help, v - describe, . - travel
Here: a vampire, wielding a +0 glaive and wearing a +0 scale mail The floor.
You start resting.
A vampire is nearby!
You start resting.
A vampire is nearby!
You start resting.
The vampire hits you from afar with a +0 glaive!!
You die...

≈≈≈≈#..#≈≈≈≈≈≈≈≈≈≈≈
≈≈≈ #..#≈≈≈≈≈≈≈≈≈≈≈
#####..#...........
#...#..########+#..
#...#..# . #...#..#
#..)#..##+#####+#
#..)#..#........##
#..).......♣♣@...#
#..........V.....#
####....♣.♣.......#
#.)'...............#
#.)#.....♣.........#
#+##.)..♣.♣...####+#
#....♣♣.....#
#.....).....#
#.....).....# +##+#


You could see a vampire.

Vanquished Creatures
  A gargoyle (Bailey)
  Maggie (D:6)
  Grinder (D:4)
  3 yaks (D:5)
  Menkaure (D:6)
  Edmund (D:4)
  A water moccasin (D:7)
  A necrophage (D:5)
  A hornet zombie (D:6)
  A sky beast (D:4)
  2 phantoms
  A kobold brigand (D:6)
  Blork the orc (D:5)
  3 bullfrogs
  A scorpion (D:4)
  The ghost of Soldner the Covered, a weakling MiFi (D:3)
  4 wights (D:7)
  7 vampire bats (Bailey)
  A howler monkey (D:5)
  2 hounds
  2 jellies (D:6)
  A bullfrog skeleton (D:6)
  A centaur skeleton (D:5)
  5 orc priests
  2 gnoll shamans (D:6)
  Ijyb (D:5)
  2 orc wizards
  2 hound skeletons (D:4)
  A howler monkey zombie (D:5)
  13 gnolls
  5 adders
  A shadow imp (D:6)
  2 white imps (D:7)
  A worm (D:4)
  2 dart slugs (D:2)
  5 orcs
  A bat (D:2)
  6 endoplasms
  2 giant cockroaches
  8 goblins
  4 hobgoblins
  18 kobolds
  6 quokkas
  5 ball pythons
  5 frilled lizards
  10 orc zombies (Bailey)
  A quokka skeleton (D:4)
  4 rats
151 creatures vanquished.

Notes
Turn   | Place    | Note
-------+----------+-------------------------------------------
     0 | D:1      | Stomo the Demonspawn Fighter began the quest for the Orb.
     0 | D:1      | Reached XP level 1. HP: 18/18 MP: 1/1
   401 | D:1      | Gained mutation: Your touch may inflict minor irresistible
                  | damage on your foes. [demonic ancestry]
   401 | D:1      | Reached XP level 2. HP: 22/24 MP: 2/2
  1133 | D:2      | Reached skill level 1 in Dodging
  1143 | D:2      | Reached XP level 3. HP: 24/29 MP: 3/3
  1942 | D:3      | Reached XP level 4. HP: 22/36 MP: 4/4
  2106 | D:3      | Noticed Soldner's ghost (weakling MiFi)
  2122 | D:3      | Found a runed translucent door.
  3101 | D:3      | Reached XP level 5. HP: 39/42 MP: 5/5
  3290 | D:3      | Found a faded altar of an unknown god.
  3308 | D:3      | Found a faded altar of an unknown god.
  3368 | D:4      | Noticed Grinder
  3383 | D:4      | Killed Grinder
  3384 | D:4      | Gained mutation: Spells you cast may paralyse adjacent
                  | enemies. [demonic ancestry]
  3384 | D:4      | Reached XP level 6. HP: 14/49 MP: 6/6
  3691 | D:4      | Noticed Edmund
  4496 | D:4      | Reached XP level 7. HP: 55/55 MP: 7/7
  4607 | D:4      | Found a runed translucent door.
  4608 | D:4      | Noticed Crazy Yiuf
  4810 | D:4      | Reached skill level 5 in Fighting
  5006 | D:4      | Identified a scroll of acquirement
  5006 | D:4      | Acquired the ring "Zaanotif" {MP+9 Dex+6}
  5547 | D:4      | Killed Edmund
  5636 | D:5      | Entered Level 5 of the Dungeon
  5659 | D:5      | Reached skill level 5 in Armour
  5966 | D:5      | Noticed Blork the orc
  5977 | D:5      | Killed Blork the orc
  5978 | D:5      | Gained mutation: You are partially covered in large bone
                  | plates. (SH +4) [demonic ancestry]
  5978 | D:5      | Reached XP level 8. HP: 61/64 MP: 8/8
  6149 | D:5      | Noticed Ijyb
  6312 | D:5      | Reached skill level 5 in Maces & Flails
  6315 | D:5      | Killed Ijyb
  6844 | D:6      | Noticed Maggie
  6851 | D:6      | Killed Maggie
  6852 | D:6      | Gained mutation: Spells you cast may paralyse nearby
                  | enemies. [demonic ancestry]
  6852 | D:6      | Reached XP level 9. HP: 58/71 MP: 9/9
  7040 | D:6      | Found an iron altar of Okawaru.
  7041 | D:6      | Found a shimmering altar of Xom.
  7064 | D:6      | Became a worshipper of Warmaster Okawaru
  7211 | D:6      | Reached skill level 1 in Invocations
  7602 | D:6      | Noticed Menkaure
  7604 | D:6      | Killed Menkaure
  7719 | D:6      | Reached * piety under Okawaru
  8549 | D:3      | Killed Soldner's ghost
  8564 | D:3      | Acquired a manual of Armour
  8723 | D:7      | Found a transporter.
  8799 | D:7      | Noticed Sanktem7's ghost (novice MiFi)
  8799 | D:7      | Noticed a two-headed ogre
  9042 | D:7      | Found a transporter.
  9141 | D:7      | Found a flagged portal.
  9150 | Bailey   | Entered a bailey
  9206 | Bailey   | Noticed a gargoyle
  9214 | Bailey   | Killed a gargoyle
  9215 | Bailey   | Reached skill level 5 in Invocations
  9448 | Bailey   | Reached ** piety under Okawaru
  9455 | Bailey   | Reached skill level 5 in Dodging
  9613 | Bailey   | Slain by a vampire

Illustrated notes

Levels and vault maps discovered:
D:1:      psy_arrival_conway, layout_basic
D:2:      layout_loops_ring, grunt_ministairs_3
D:3:      layout_basic, hellmonk_ecumenical_altar_the_god_not_taken,
          hellmonk_ghost_happy_afterlife
D:4:      layout_rooms, uniq_crazy_yiuf_cottage, uniq_grinder, uniq_edmund
D:5:      layout_loops_ring, uniq_ijyb, uniq_blork_the_orc
D:6:      cheibrodos_thug_alley, layout_basic, gammafunk_temple_overflow_pools,
          chequers_garden, uniq_maggie, uniq_menkaure
D:7:      layout_gridville, lemuel_temple_firewalk_b, enter_bailey_6,
          gammafunk_ghost_smash
Bailey:   bailey_polearm_vampire_castle_hellmonk, bailey

Skill      XL: |  1  2  3  4  5  6  7  8  9 |
---------------+----------------------------+-----
Maces & Flails | 2 3 4 5 6 |  6.7
Armour         | 3 4 5 6 7 |  7.3
Dodging        | 1 2 3 4 5 |  5.0
Fighting       | 4 5 6 7 |  7.6
Invocations    | 5 |  5.8
Shields        | |  2.6

Action                   |  1- 3 |  4- 6 |  7- 9 || total
-------------------------+-------+-------+-------++-------
Melee: Flail             |    86 |   102 |    42 ||   230
       Touch             |     9 |    18 |     7 ||    34
       Dire flail        |       |       |   217 ||   217
       Punch             |       |       |     2 ||     2
  Use: Scroll            |       |     2 |    12 ||    14
Armor: Scale mail        |    36 |     6 |       ||    42
       Plate armour      |       |    60 |    82 ||   142
       Swamp dragon scal |       |       |    58 ||    58
Dodge: Dodged            |    39 |    43 |   138 ||   220
Block: Other             |       |       |    23 ||    23
